 Dungeon Crawl Stone Soup version 0.30.1-9-gdf580d7c3d (webtiles) character file.

Game seed: 5918822050325308300

127 lonewolfV2 the Shield-Bearer (level 5, 0/42 HPs)
             Began as a Formicid Fighter on Oct 11, 2023.
             Slain by a cerulean imp
             ... wielding a +4 spear
             ... summoned by Natasha
              (6 damage)
             ... on level 3 of the Dungeon.
             The game lasted 00:02:28 (1970 turns).

lonewolfV2 the Shield-Bearer (Formicid Fighter)     Turns: 1970, Time: 00:02:29

Health: 0/42       AC:  7    Str: 20    XL:     5   Next: 33%
Magic:  5/5        EV:  9    Int:  8    God:
Gold:   57         SH:  6    Dex: 15    Spells: 4/4 levels left

rFire   . . .        a - +1 war axe
rCold   . . .        c - +1 buckler
rNeg    . . .        b - +0 scale mail
rPois   .            (helmet unavailable)
rElec   .            (no cloak)
rCorr   .            (no gloves)
SInv    +            (no boots)
Will    .....        (no amulet) Stlth
                     (no ring)
HPRegen 0.27/turn    (no ring)
MPRegen 0.09/turn

%: no passive effects
@: no status effects
A: permanent stasis, dig shafts and tunnels, antennae 3, four strong arms
a: Dig, Shaft Self


You were on level 3 of the Dungeon.
You visited 1 branch of the dungeon, and saw 3 of its levels.

You collected 57 gold pieces.

Inventory:

Hand Weapons
 a - a +1 war axe (weapon)
Armour
 b - a +0 scale mail (worn)
 c - a +1 buckler (worn)
Jewellery
 k - a ring of flight
Scrolls
 e - a scroll of identify {unknown}
Potions
 d - a potion of might
 f - a potion of curing {unknown}
 h - a potion of brilliance {unknown}
 i - a potion of haste {unknown}


   Skills:
 + Level 3.8 Fighting
 + Level 3.4 Axes
 + Level 4.1 Armour
 + Level 0.7 Dodging
 + Level 4.8 Shields


You had 4 spell levels left.
You didn't know any spells.
Your spell library was empty.

Dungeon Overview and Level Annotations

Branches:
Dungeon (3/15)

Altars:

Shops:
D:2 :

Annotations:
D:3 Natasha


Innate Abilities, Weirdness & Mutations

You cannot be hasted, slowed, berserked, paralysed or teleported.
You can dig through walls and to a lower floor.
You have a pair of large antennae on your head. (SInv)
Your four strong arms can wield two-handed weapons with a shield.


Message History

The cerulean imp hits you from afar with a +2 spear.
You block the cerulean imp's attack.
The cerulean imp hits you from afar with a +2 spear.
Natasha casts a spell.
The cerulean imp barely misses you. You block the cerulean imp's attack.
Natasha howls an incantation.
You feel troubled.
You miss the cerulean imp. You block the cerulean imp's attack. x2
The cerulean imp barely misses you.
Natasha growls.
You barely miss the cerulean imp. You block the cerulean imp's attack.
The cerulean imp misses you. You block the cerulean imp's attack.
You closely miss the cerulean imp. The cerulean imp barely misses you.
The cerulean imp hits you with a +2 spear.
You closely miss the cerulean imp.
The cerulean imp hits you from afar with a +4 spear.
The cerulean imp hits you with a +2 spear.
The cerulean imp hits you from afar with a +4 spear.
Natasha howls an incantation.
You feel troubled.
Natasha mumbles some strange words.
The cerulean imp hits you from afar with a +2 spear.
The cerulean imp hits you from afar with a +2 spear.
The cerulean imp disappears in a puff of smoke!
The cerulean imp hits you with a +4 spear.
* * * LOW HITPOINT WARNING * * *
You hit the cerulean imp.
The cerulean imp is moderately wounded.
The cerulean imp barely misses you.
Natasha extends her claws.
You block the cerulean imp's attack.
You closely miss the cerulean imp.
The cerulean imp is moderately wounded.
You block the cerulean imp's attack. The cerulean imp closely misses you.
The cerulean imp hits you with a +4 spear.
* * * LOW HITPOINT WARNING * * *
The cerulean imp attacks as you move away!
The cerulean imp hits you with a +4 spear.
You die...

..............§§§h.....§≈
######+#.#####..≈≈≈≈≈≈≈§≈
#.......# ##......§§..
#......†# ##.#####...
#.......# #.#
##.......#######.####
................5...#
##.............5....#
########.......@...#
#...........#
#########...........#
........'.............
#########.........>..##
####...........##
#..............#
#.##.###########
######.##.#


You could see 2 cerulean imps.

Vanquished Creatures
  A hound (D:3)
  4 adders
  A worm (D:3)
  2 dart slugs
  2 ball pythons (D:1)
  8 endoplasms
  3 giant cockroaches
  4 hobgoblins
  4 jackals
  8 kobolds
  A quokka (D:1)
  4 bats
  2 frilled lizards
  6 goblins
  2 rats (D:1)
52 creatures vanquished.

Notes
Turn   | Place    | Note
-------+----------+-------------------------------------------
     0 | D:1      | lonewolfV2 the Formicid Fighter began the quest for the
                  | Orb.
     0 | D:1      | Reached XP level 1. HP: 18/18 MP: 1/1
     6 | D:1      | Noticed a wyvern
     6 | D:1      | Noticed a black bear
     6 | D:1      | Noticed a water moccasin
     7 | D:1      | Noticed a lindwurm
    89 | D:1      | Reached XP level 2. HP: 24/24 MP: 2/2
   211 | D:1      | Reached XP level 3. HP: 24/29 MP: 3/3
   851 | D:2      | Found Enet's Book Boutique.
   863 | D:2      | Found a faded altar of an unknown god.
  1189 | D:2      | Reached XP level 4. HP: 37/37 MP: 4/4
  1844 | D:3      | Reached XP level 5. HP: 36/42 MP: 5/5
  1931 | D:3      | Noticed Natasha
  1970 | D:3      | Slain by a cerulean imp

Illustrated notes

Levels and vault maps discovered:
D:1:      onia_arrival_zoo_common, layout_loops_ring
D:2:      layout_loops_corners, serial_shops, shop,
          shapermc_ecumenical_altar_pompeii
D:3:      layout_basic, mainiacjoe_overflow_brackets, uniq_natasha,
          uniq_crazy_yiuf_cottage

Skill      XL: |  1  2  3  4 |
---------------+-------------+-----
Axes           | 3 |  3.4
Armour         | 4 |  4.1
Fighting       | |  3.8
Dodging        | |  0.7
Shields        | |  4.8

Action                     |  1- 3 |  4- 6 || total
---------------------------+-------+-------++-------
  Melee: War axe           |   102 |    59 ||   161
    Use: Scroll            |     5 |     2 ||     7
 Armour: Scale mail        |    71 |    27 ||    98
  Dodge: Dodged            |    68 |    29 ||    97
  Block: Buckler           |    33 |    29 ||    62
